 Dungeon Crawl Stone Soup version 0.26-a0-800-g517d6fe721 (webtiles) character file.

Game seed: 13978934390962581033

119 KinonikoII the Slasher (level 5, 0/36 HPs)
             Began as a Halfling Monk on Nov 11, 2020.
             Slain by an ogre
             ... wielding a +0 giant club
              (12 damage)
             ... on level 4 of the Dungeon.
             The game lasted 00:03:51 (3004 turns).

KinonikoII the Slasher (Halfling Monk)              Turns: 3004, Time: 00:03:51

Health: 0/36       AC: 11    Str: 13    XL:     5   Next: 24%
Magic:  5/5        EV: 15    Int: 14    God:
Gold:   136        SH:  0    Dex: 17    Spells: 4/4 levels left

rFire    . . .     SeeInvis .   a - +0 falchion
rCold    . . .     Faith    .   (shield restricted)
rNeg     . . .     Spirit   .   p - +0 ring mail
rPois    .         Reflect  .   l - +1 helmet
rElec    .         Harm     .   e - +0 cloak
rCorr    .         Rampage  .   (no gloves)
MR       .....                  o - +2 pair of boots
Stlth    ++........             (no amulet)
HPRegen  0.12/turn              c - +6 ring of intelligence
MPRegen  0.09/turn              (no ring)

@: hasted, very quick
A: small, mutation resistance 1
a: no special abilities


You were on level 4 of the Dungeon.
You visited 1 branch of the dungeon, and saw 4 of its levels.

You collected 136 gold pieces.

Inventory:

Hand Weapons
 a - a +0 falchion (weapon)
Armour
 b - a +0 robe
 e - a +0 cloak (worn)
 l - a +1 helmet (worn)
 o - a +2 pair of boots (worn)
 p - a +0 ring mail (worn)
Jewellery
 c - a +6 ring of intelligence (left hand)
Wands
 n - a wand of flame (18)
 t - a wand of paralysis (10)
Scrolls
 h - a scroll of immolation
 m - 2 scrolls of teleportation
Potions
 i - a potion of mutation
 k - 3 potions of resistance


   Skills:
 + Level 3.1 Fighting
 + Level 4.4 Long Blades
 + Level 0.5 Armour
 + Level 3.9 Dodging
 + Level 3.0 Stealth


You had 4 spell levels left.
You didn't know any spells.
Your spell library was empty.

Dungeon Overview and Level Annotations

Branches:
Dungeon (4/15)
 Temple: D:4-7

Altars:

Annotations:
D:4 Pikel


Innate Abilities, Weirdness & Mutations

You are small and have problems with some larger weapons.
You are somewhat resistant to further mutation.


Message History

You hit the ogre.
The ogre is heavily wounded.
Pikel barely misses you. The ogre misses you.
Unknown command.
You barely miss the ogre.
The ogre is heavily wounded.
Pikel barely misses you.
Unknown command.
You hit the ogre.
The ogre is heavily wounded.
The ogre barely misses you.
Unknown command.
You slash the ogre!
The ogre is almost dead.
Pikel hits you but does no damage.
Unknown command.
You hit the ogre but do no damage.
The ogre is almost dead.
Pikel hits you but does no damage. The ogre hits you with a +0 giant club!
You die...

...............#.####.#
.# .$.............#.#
#.##.#
...............#.#
#..#.#
.............(.#.#
##.#.#
...............#.#
#.#.#
...$..##########.#
#...# ####### #.# ##..#
#O# #..# #@# ##.## #K#
#..# #5# #..# #h# #..##
#..555...# #...#
...5.5.w.w..# ##..#
####........# #..#
#!.$.....# #..#
#........# #.>#


You could see Pikel, an ogre, 4 lemures, a worm and a howler monkey.

Vanquished Creatures
  An orc priest (D:3)
  2 adders
  2 oozes
  A dart slug (D:1)
  2 leopard geckos
  5 orcs
  4 giant cockroaches
  7 goblins
  3 hobgoblins (D:2)
  5 kobolds
  A quokka (D:3)
  2 ball pythons
  10 bats
  3 frilled lizards
  A leopard gecko skeleton (D:4)
  A quokka skeleton (D:2)
  6 rats
56 creatures vanquished.

Notes
Turn   | Place    | Note
-------+----------+-------------------------------------------
     0 | D:1      | KinonikoII the Halfling Monk began the quest for the Orb.
     0 | D:1      | Reached XP level 1. HP: 15/15 MP: 1/1
   224 | D:1      | Reached XP level 2. HP: 18/20 MP: 2/2
   944 | D:2      | Reached XP level 3. HP: 25/25 MP: 3/3
  1826 | D:2      | Reached XP level 4. HP: 16/31 MP: 4/4
  2026 | D:3      | Reached skill level 4 in Long Blades
  2242 | D:3      | Found a faded altar of an unknown god.
  2490 | D:3      | Reached XP level 5. HP: 21/36 MP: 5/5
  2901 | D:4      | Noticed an ogre
  2965 | D:4      | Noticed Pikel
  2965 | D:4      | Noticed a lemure
  2966 | D:4      | Noticed a lemure
  2966 | D:4      | Noticed a lemure
  2966 | D:4      | Noticed a lemure
  3004 | D:4      | Slain by an ogre

Illustrated notes

Levels and vault maps discovered:
D:1:      minmay_arrival_five_plusses, layout_basic, serial_bayou_pond_d,
          kennysheep_boxes
D:2:      layout_basic, minmay_tetromino_o2
D:3:      layout_basic, chequers_ecumenical_altar_simple_redux
D:4:      layout_basic, kennysheep_slug_shrine, uniq_pikel

Skill      XL: |  1  2  3  4 |
---------------+-------------+-----
Fighting       | 3 |  3.1
Long Blades    | 4 |  4.4
Stealth        | 3 |  3.0
Armour         | |  0.5
Dodging        | |  3.9

Action                   |  1- 3 |  4- 6 || total
-------------------------+-------+-------++-------
Melee: Falchion          |   111 |   110 ||   221
  Use: Scroll            |       |    10 ||    10
       Potion            |       |     4 ||     4
 Stab: Sleeping          |     6 |     1 ||     7
Armor: Robe              |    19 |       ||    19
       Ring mail         |     1 |    24 ||    25
       Skin              |       |    19 ||    19
Dodge: Dodged            |   103 |    62 ||   165
       Rpst.: Falchion   |    40 |    21 ||    61

Table legend: (Time is in decaauts)
 A = Elapsed time spent in this place.
 B = Non-inter-level travel time spent in this place.
 C = Inter-level travel time spent in this place.
 D = Time resting spent in this place.
 E = Time spent auto-exploring this place.
 F = Levels seen in this place.
 G = Mean time per level.
                   A        B        C        D        E       F      G
               +--------+--------+--------+--------+--------+-----+--------+
         Total |   3052 |   2983 |     69 |    661 |   1761 |   4 |  763.0 |
       Dungeon |   3052 |   2983 |     69 |    661 |   1761 |   4 |  763.0 |
               +--------+--------+--------+--------+--------+-----+--------+

Top non-repeatable levels by time:
     D:3: 976 daAuts
     D:1: 929 daAuts
     D:2: 910 daAuts
     D:4: 235 daAuts
